[Event "December 12 Early 2023"]
[Site "https://www.chess.com"]
[Date "2023.12.12"]
[Round "5"]
[White "Mishra, Manoj"]
[Black "Musalov, Ruslan"]
[Result "1-0"]
[Board "165"]
[TimeControl "180+1"]
[WhiteFideId "5006007"]
[BlackFideId "4141490"]
[WhiteElo "2246"]
[BlackElo "2474"]
[WhiteTeam "IND"]
[BlackTeam "RUS"]
[WhiteClock "0:00:02"]
[BlackClock "0:00:00"]

1. d4 Nf6 2. Bg5 Ne4 3. h4 g6 4. Nd2 Nxd2 5. Qxd2 Bg7 6. h5 h6 7. hxg6 hxg5 8. Rxh8+ Bxh8 9. Qxg5 Bg7 10. Nf3 f6 11. Qh5 d5 12. e4 dxe4 13. Qh7 Kf8 14. Bc4 e6 15. Nh4 f5 16. Nxf5 Qf6 17. Ng3 Nc6 18. Nh5 Qe7 19. c3 Bd7 20. O-O-O b5 21. Bxb5 Rb8 22. Bc4 Na5 23. Be2 Bb5 24. Re1 Bxe2 25. Rxe2 Nc4 26. Rxe4 Qg5+ 27. f4 Qh6 28. Rxe6 Qxh7 29. gxh7 Kf7 30. Rc6 Ne3 31. Rxc7+ Kg6 32. Rxg7+ Kxh5 33. Rg8 1-0

[Event "December 12 Early 2023"]
[Site "https://www.chess.com"]
[Date "2023.12.12"]
[Round "5"]
[White "YurasovMat-2012"]
[Black "Clawitter, Craig"]
[Result "1-0"]
[Board "166"]
[TimeControl "180+1"]
[BlackFideId "2023105"]
[WhiteElo "2448"]
[BlackElo "2237"]
[BlackTeam "USA"]
[WhiteClock "0:00:35"]
[BlackClock "0:00:00"]

1. e4 e6 2. d3 d5 3. Nd2 Nf6 4. Ngf3 Bc5 5. e5 Nfd7 6. c3 Be7 7. g3 c5 8. Bg2 Nc6 9. d4 O-O 10. O-O cxd4 11. cxd4 f6 12. exf6 Bxf6 13. Nb3 a5 14. Be3 a4 15. Nc1 Qb6 16. Ne2 Qxb2 17. Qd3 Qb6 18. Rab1 Qa6 19. Qc2 Nb6 20. Bg5 Nc4 21. Qd3 N4e5 22. Nxe5 Qxd3 23. Nxd3 Bxg5 24. Rfd1 Bf6 25. Nc5 Ra7 26. Bh3 e5 27. Bxc8 Rxc8 28. dxe5 Nxe5 29. Rxd5 b6 30. Rxb6 Rac7 31. Ne4 Rc2 32. Nf4 Rxa2 33. Nxf6+ gxf6 34. Rxf6 Nf3+ 35. Kg2 Ne1+ 36. Kf1 1-0

[Event "December 12 Early 2023"]
[Site "https://www.chess.com"]
[Date "2023.12.12"]
[Round "5"]
[White "Bolat, Inayat"]
[Black "Srivatsan Karthikeyan"]
[Result "0-1"]
[Board "167"]
[TimeControl "180+1"]
[WhiteFideId "13733125"]
[BlackFideId "25684248"]
[WhiteElo "2437"]
[BlackElo "2224"]
[WhiteTeam "KAZ"]
[BlackTeam "IND"]
[WhiteClock "0:00:00"]
[BlackClock "0:01:15"]

1. e4 e5 2. Nf3 Nc6 3. d4 exd4 4. c3 d5 5. exd5 Qxd5 6. cxd4 Nf6 7. Nc3 Bb4 8. a3 Bxc3+ 9. bxc3 O-O 10. Be2 Bg4 11. O-O Rfe8 12. Be3 Ne4 13. Qd3 Rad8 14. c4 Qd7 15. d5 Ne5 16. Nxe5 Bxe2 17. Qxe4 Bxf1 18. Nxd7 Rxe4 19. Nc5 Bxg2 20. Kxg2 Rxc4 21. Rd1 b6 22. Nb3 h6 23. Kf3 Rc3 24. Nc1 Rxa3 25. Ne2 Ra5 26. Nf4 Rb5 27. Ra1 a5 28. Rc1 Rd7 29. Rc4 Rb4 30. Rc6 a4 0-1

[Event "December 12 Early 2023"]
[Site "https://www.chess.com"]
[Date "2023.12.12"]
[Round "5"]
[White "Filipovic, Slobodan J"]
[Black "Vincenti, Leonardo"]
[Result "0-1"]
[Board "168"]
[TimeControl "180+1"]
[WhiteFideId "939633"]
[BlackFideId "28550820"]
[WhiteElo "2437"]
[BlackElo "2223"]
[WhiteTeam "SRB"]
[BlackTeam "ITA"]
[WhiteClock "0:00:47"]
[BlackClock "0:00:34"]

1. c4 e6 2. Nf3 d5 3. b3 Be7 4. Bb2 Bf6 5. d4 Ne7 6. Nc3 c6 7. e4 dxe4 8. Nxe4 Nd7 9. Nd6+ Kf8 10. Bd3 c5 11. O-O cxd4 12. Nxc8 Rxc8 13. Bxd4 Bxd4 14. Nxd4 Nc5 15. Bc2 a6 16. Re1 g6 17. b4 Nd7 18. Rxe6 Rxc4 19. Bb3 Rxd4 20. Qxd4 fxe6 21. Qxh8+ Ng8 22. Rd1 Qe7 23. Qd4 Ngf6 24. Qxd7 Nxd7 25. Re1 Qxb4 26. Rxe6 Nc5 27. Re3 Nxb3 28. axb3 b5 29. g3 a5 30. Rf3+ Kg7 31. h4 a4 32. bxa4 bxa4 33. Re3 a3 34. Rd3 a2 35. Rd7+ Kf6 36. Ra7 Qb1+ 37. Kh2 a1=Q 38. Rxh7 Qh1# 0-1

[Event "December 12 Early 2023"]
[Site "https://www.chess.com"]
[Date "2023.12.12"]
[Round "5"]
[White "Petrukhina, Olga"]
[Black "Mizzi, Jack"]
[Result "1-0"]
[Board "169"]
[TimeControl "180+1"]
[WhiteFideId "13703935"]
[BlackFideId "5602521"]
[WhiteElo "2221"]
[BlackElo "2436"]
[WhiteTeam "KAZ"]
[BlackTeam "MLT"]
[WhiteClock "0:00:12"]
[BlackClock "0:00:03"]

1. d4 Nf6 2. c4 e6 3. g3 d5 4. Nf3 dxc4 5. Bg2 Bd7 6. Ne5 Bc6 7. Nxc6 Nxc6 8. e3 Qd7 9. O-O O-O-O 10. Qa4 Nd5 11. Qxc4 h5 12. Nc3 h4 13. Ne4 Nb6 14. Qc2 Nb4 15. Qe2 f5 16. Ng5 hxg3 17. hxg3 N4d5 18. Bd2 Qe7 19. Nf3 g5 20. Rfc1 g4 21. Ne5 Qh7 22. a4 Bd6 23. a5 Qh2+ 24. Kf1 Bxe5 25. axb6 Nxb6 26. dxe5 Rh3 27. Ba5 Rdh8 28. Qc2 Na8 29. Bxc7 Kd7 30. Rd1+ Ke7 31. Bd6+ Kf7 32. Bb4 Nb6 33. Qc7+ Kg6 34. Qd6 Nc4 35. Qxe6+ Kh5 36. Qxc4 f4 37. Qxf4 Re8 38. Qf5+ Kh6 39. Qf6+ Kh5 40. Qf5+ Kh6 41. Qxg4 Rh5 42. Qf4+ Kg6 43. Qe4+ Kh6 44. e6 Rf5 45. Rd5 Rxd5 46. Qxd5 Qh5 47. Qxh5+ Kxh5 48. e7 Kg6 49. Rd1 Kf7 50. Rd8 Rxe7 51. Bxe7 Kxe7 52. Rb8 1-0

[Event "December 12 Early 2023"]
[Site "https://www.chess.com"]
[Date "2023.12.12"]
[Round "5"]
[White "Mazurkiewicz, Michal"]
[Black "Osmonbekov, Talaibek"]
[Result "0-1"]
[Board "170"]
[TimeControl "180+1"]
[WhiteFideId "1124943"]
[BlackFideId "2017253"]
[WhiteElo "2433"]
[BlackElo "2210"]
[WhiteTeam "POL"]
[BlackTeam "USA"]
[WhiteClock "0:00:03"]
[BlackClock "0:00:23"]

1. e4 c5 2. Nf3 d6 3. g3 e5 4. Bg2 Nc6 5. O-O f5 6. d3 Nf6 7. Nc3 Be7 8. Nd2 f4 9. Nd5 O-O 10. Nxe7+ Qxe7 11. c3 Qf7 12. Nc4 Ne8 13. a4 Be6 14. Qf3 g5 15. g4 h5 16. h3 Kg7 17. Rd1 Rh8 18. Qe2 hxg4 19. hxg4 Qd7 20. Bf3 Rh4 21. Kg2 Bxg4 22. Rh1 Bh3+ 23. Kg1 Nf6 24. Bg2 Rah8 25. Qf3 Bxg2 26. Qxg2 Rxh1+ 27. Qxh1 Rxh1+ 28. Kxh1 Qh3+ 29. Kg1 f3 30. Bxg5 Qg2# 0-1

[Event "December 12 Early 2023"]
[Site "https://www.chess.com"]
[Date "2023.12.12"]
[Round "5"]
[White "Bogaudinov, Rushan"]
[Black "Fernandez Hernandez, Gerardo"]
[Result "0-1"]
[Board "171"]
[TimeControl "180+1"]
[WhiteFideId "4129288"]
[BlackFideId "2207400"]
[WhiteElo "2432"]
[BlackElo "2188"]
[WhiteTeam "RUS"]
[BlackTeam "ESP"]
[WhiteClock "0:00:16"]
[BlackClock "0:00:29"]

1. d4 Nf6 2. Nf3 g6 3. e3 Bg7 4. Be2 O-O 5. O-O d6 6. b3 Nbd7 7. Bb2 e5 8. c4 e4 9. Nfd2 Re8 10. Nc3 Nf8 11. b4 h5 12. a4 N8h7 13. b5 Bf5 14. a5 Ng4 15. h3 Qh4 16. hxg4 hxg4 17. Ncxe4 Bxe4 18. Nxe4 Rxe4 19. Bd3 Re7 20. e4 Ng5 21. Re1 g3 22. fxg3 Qxg3 23. Ra3 Nh3+ 24. Kh1 Nf2+ 25. Kg1 Nxd1 26. Rxd1 Qe3+ 27. Kf1 Bxd4 28. Bxd4 Qxd4 29. Be2 Qc5 30. Rf3 Kg7 31. Rd5 Qb4 32. a6 bxa6 33. bxa6 Rh8 34. Kf2 Qb6+ 35. c5 dxc5 36. Bc4 Qb2+ 37. Kg3 Qc1 38. e5 Qg5+ 39. Kf2 Qh4+ 40. g3 Qxc4 41. Rdd3 Rxe5 42. Rc3 Rh2+ 43. Kg1 Qe2 44. Rxf7+ Kxf7 45. Rf3+ Qxf3 46. Kxh2 Re2+ 0-1

[Event "December 12 Early 2023"]
[Site "https://www.chess.com"]
[Date "2023.12.12"]
[Round "5"]
[White "Semenova, Alina"]
[Black "Hoffmann, Asa"]
[Result "1-0"]
[Board "172"]
[TimeControl "180+1"]
[WhiteFideId "24113875"]
[BlackFideId "2001470"]
[WhiteElo "2185"]
[BlackElo "2420"]
[WhiteTeam "RUS"]
[BlackTeam "USA"]
[WhiteClock "0:01:24"]
[BlackClock "0:00:31"]

1. e4 d6 2. d4 Nf6 3. f3 Nbd7 4. Be3 e5 5. Qd2 c6 6. Nc3 b5 7. O-O-O Qc7 8. d5 a6 9. dxc6 Qxc6 10. h4 Bb7 11. Nge2 Be7 12. g4 b4 13. Nd5 Nxd5 14. exd5 Qa4 15. Kb1 Rc8 16. b3 Qa5 17. Ng3 g6 18. h5 Nf6 19. Bc4 Rxc4 20. bxc4 Qa3 21. g5 Nd7 22. c5 dxc5 23. Ne4 O-O 24. Qh2 Rb8 25. hxg6 Nf8 26. gxf7+ Kh8 27. g6 Qxe3 28. Qxe5+ Bf6 29. Qxf6# 1-0

[Event "December 12 Early 2023"]
[Site "https://www.chess.com"]
[Date "2023.12.12"]
[Round "5"]
[White "Verbin, Valentina"]
[Black "Porozhnyak, Maya"]
[Result "0-1"]
[Board "173"]
[TimeControl "180+1"]
[WhiteFideId "13905910"]
[BlackFideId "34115843"]
[WhiteElo "2155"]
[BlackElo "2415"]
[WhiteTeam "MDA"]
[BlackTeam "RUS"]
[WhiteClock "0:00:00"]
[BlackClock "0:00:59"]

1. Nf3 c5 2. g3 e6 3. Bg2 Nf6 4. O-O Be7 5. c4 O-O 6. d4 cxd4 7. Nxd4 Nc6 8. Nc3 a6 9. Nxc6 dxc6 10. Qc2 Qc7 11. Bf4 e5 12. Bg5 h6 13. Be3 Be6 14. c5 Rad8 15. b4 Nd5 16. Nxd5 cxd5 17. f4 d4 18. Bd2 f6 19. fxe5 fxe5 20. Bxh6 d3 21. exd3 gxh6 22. d4 Bf7 23. d5 Bg5 24. h4 Be3+ 25. Kh2 Bd4 26. Rad1 Qe7 27. d6 Qe6 28. Bxb7 Rb8 29. Be4 Rxb4 30. c6 Rc4 0-1

[Event "December 12 Early 2023"]
[Site "https://www.chess.com"]
[Date "2023.12.12"]
[Round "5"]
[White "Hartikainen, Jarmo"]
[Black "Osinovsky, Stepan"]
[Result "0-1"]
[Board "174"]
[TimeControl "180+1"]
[WhiteFideId "503134"]
[BlackFideId "4157354"]
[WhiteElo "2127"]
[BlackElo "2413"]
[WhiteTeam "FIN"]
[BlackTeam "RUS"]
[WhiteClock "0:00:00"]
[BlackClock "0:00:12"]

1. e4 e5 2. Nf3 Nc6 3. Bc4 Nf6 4. Ng5 d5 5. exd5 b5 6. Bxb5 Qxd5 7. Bf1 Bc5 8. Nc3 Qd7 9. Bb5 Rb8 10. O-O h6 11. Nf3 Rxb5 12. Nxb5 e4 13. d4 exf3 14. dxc5 fxg2 15. Re1+ Kd8 16. Qxd7+ Bxd7 17. Bf4 Nd5 18. Bg3 a6 19. Na3 Nd4 20. Kxg2 Bc6 21. Rad1 Ne3+ 22. Kg1 Nxd1 23. Rxd1 Re8 24. Rxd4+ Kc8 25. Kf1 g5 26. f4 f5 27. Nc4 Bb5 28. Kf2 Re6 29. Ne5 a5 30. c4 Be8 31. a3 a4 32. Rd5 Kb7 33. c6+ Kb6 34. Rb5+ Ka6 35. fxg5 hxg5 36. h4 f4 37. Bh2 gxh4 38. Bxf4 h3 39. Nf3 Rf6 40. Rg5 Rxf4 41. Rg3 Bxc6 42. Rxh3 Rxc4 43. Ne5 Rc2+ 44. Kg3 Bd5 45. Rh6+ Kb5 46. Kf4 Rxb2 47. Nd3 Rb3 48. Ke3 Bc4 49. Rh5+ Kb6 50. Rh6+ c6 51. Kd4 Bxd3 52. Rh8 Bb5 53. Rb8+ Kc7 54. Rf8 Rd3+ 55. Ke4 Rd5 56. Rf2 Kb6 57. Ra2 Rd8 58. Ke3 Bc4 59. Kf4 Bxa2 60. Ke3 Bb3 61. Kf4 Rd1 62. Ke3 Kb5 63. Kf4 c5 64. Ke3 c4 65. Kf4 c3 66. Ke3 c2 67. Kf4 c1=Q+ 68. Ke5 Qxa3 69. Kf6 Qc1 70. Kg7 a3 71. Kf8 a2 72. Ke7 Rd2 0-1

[Event "December 12 Early 2023"]
[Site "https://www.chess.com"]
[Date "2023.12.12"]
[Round "5"]
[White "Matthes, Aaron"]
[Black "Negron Lizarazo, Juan Sebastian"]
[Result "0-1"]
[Board "175"]
[TimeControl "180+1"]
[WhiteFideId "16227310"]
[BlackFideId "3936910"]
[WhiteElo "2411"]
[BlackElo "2124"]
[WhiteTeam "GER"]
[BlackTeam "COL"]
[WhiteClock "0:01:04"]
[BlackClock "0:00:18"]

1. Nf3 g6 2. g3 Nc6 3. Bg2 e5 4. O-O Bg7 5. c3 d6 6. d4 Bd7 7. d5 Nce7 8. e4 Qc8 9. Re1 Bh3 10. Bh1 h5 11. Ng5 h4 12. Qf3 Nf6 13. Nxh3 Qxh3 14. Bg2 Qd7 15. Bg5 hxg3 16. Bxf6 gxf2+ 17. Qxf2 Bxf6 18. Qxf6 O-O-O 19. Qxf7 Kb8 20. Qe6 Qb5 21. b4 Qb6+ 22. Kh1 Qf2 23. Na3 Nf5 24. Qf6 Ng3# 0-1

[Event "December 12 Early 2023"]
[Site "https://www.chess.com"]
[Date "2023.12.12"]
[Round "5"]
[White "Ovezdurdyyeva, Jemal"]
[Black "Tilahun , Abel Mathewos"]
[Result "1-0"]
[Board "176"]
[TimeControl "180+1"]
[WhiteFideId "14001888"]
[BlackFideId "15702391"]
[WhiteElo "2409"]
[BlackElo "2082"]
[WhiteTeam "TKM"]
[BlackTeam "ETH"]
[WhiteClock "0:00:51"]
[BlackClock "0:00:06"]

1. e4 e6 2. d4 d5 3. Nd2 Nc6 4. Ngf3 Nf6 5. exd5 exd5 6. Bd3 Nb4 7. Bb5+ Bd7 8. Bxd7+ Qxd7 9. O-O Be7 10. c4 O-O 11. a3 Nc6 12. c5 Ne4 13. b4 Bf6 14. Nb3 Rfe8 15. b5 Ne7 16. a4 c6 17. Qd3 Ng6 18. Be3 h5 19. Nfd2 h4 20. h3 Re7 21. Nxe4 Rxe4 22. Rfe1 Rae8 23. Bd2 Qf5 24. Rxe4 Rxe4 25. Qf3 Qe6 26. bxc6 bxc6 27. Be3 Ne7 28. Nd2 Rxd4 29. Bxd4 Bxd4 30. Rc1 Be5 31. Qd3 Bc7 32. Nf3 Qf6 33. Rb1 Ng6 34. Rb7 Qf4 35. Qe3 Qxe3 36. fxe3 Be5 37. Nxe5 Nxe5 38. Rxa7 Nd3 39. Rc7 Ne5 40. a5 Kf8 41. a6 Ke8 42. a7 Kd8 43. Rb7 Nd3 44. a8=Q# 1-0

[Event "December 12 Early 2023"]
[Site "https://www.chess.com"]
[Date "2023.12.12"]
[Round "5"]
[White "Bach Ngoc Thuy Duong"]
[Black "Nikulina, Alena"]
[Result "1-0"]
[Board "177"]
[TimeControl "180+1"]
[WhiteFideId "12408956"]
[BlackFideId "4172051"]
[WhiteElo "2406"]
[BlackElo "2054"]
[WhiteTeam "VIE"]
[BlackTeam "RUS"]
[WhiteClock "0:00:47"]
[BlackClock "0:00:00"]

1. d4 d5 2. c4 dxc4 3. e4 e5 4. Nf3 Bb4+ 5. Nc3 exd4 6. Qxd4 Qxd4 7. Nxd4 Nf6 8. f3 Bc5 9. Be3 Nc6 10. Nc2 Bxe3 11. Nxe3 Be6 12. Bxc4 Bxc4 13. Nxc4 O-O-O 14. O-O a6 15. Rfd1 b5 16. Ne3 Rxd1+ 17. Rxd1 Rd8 18. Nf5 Rxd1+ 19. Nxd1 g6 20. Nh6 Nd8 21. Ne3 Kd7 22. Kf2 Ke6 23. g4 c5 24. g5 Nh5 25. Nd5 Kd6 26. Ke3 Ng7 27. f4 Nge6 28. Nf6 Nd4 29. Nxh7 Nc2+ 30. Kd2 Nb4 31. a3 Nbc6 32. Nf6 Ke7 33. Nd5+ Kd6 34. h4 Nd4 35. Ke3 Nc2+ 36. Kf3 Nd4+ 37. Kg4 a5 38. f5 c4 39. Kf4 Ne2+ 40. Ke3 Ng3 41. fxg6 fxg6 42. Nf4 Nc6 43. Nxg6 b4 44. axb4 axb4 45. Nf5+ Nxf5+ 46. exf5 c3 47. bxc3 b3 48. Kd2 Ne5 49. Nxe5 Kxe5 50. f6 Kf5 51. f7 1-0

[Event "December 12 Early 2023"]
[Site "https://www.chess.com"]
[Date "2023.12.12"]
[Round "5"]
[White "Perez Cruz, Adianet"]
[Black "Recuero Guerra, Javier"]
[Result "0-1"]
[Board "178"]
[TimeControl "180+1"]
[WhiteFideId "3510115"]
[BlackFideId "2254085"]
[WhiteElo "2052"]
[BlackElo "2405"]
[WhiteTeam "CUB"]
[BlackTeam "ESP"]
[WhiteClock "0:01:57"]
[BlackClock "0:01:35"]

1. d4 Nf6 2. Bg5 e6 3. Bxf6 Qxf6 4. e3 d5 5. c4 Bb4+ 6. Nc3 O-O 7. Nf3 c5 8. cxd5 exd5 9. Be2 b6 10. O-O Bxc3 11. bxc3 Bb7 12. Ne5 Qd6 13. Bf3 Nd7 14. Nxd7 Qxd7 15. a4 Rac8 16. a5 Ba6 17. Re1 b5 18. h3 b4 19. cxb4 cxb4 20. Qb3 Rc4 21. Be2 Rb8 22. Rac1 Rxc1 0-1

[Event "December 12 Early 2023"]
[Site "https://www.chess.com"]
[Date "2023.12.12"]
[Round "5"]
[White "Donskov, Anatoly"]
[Black "Saim, Mohamed Ilias"]
[Result "1-0"]
[Board "179"]
[TimeControl "180+1"]
[WhiteFideId "24143413"]
[BlackFideId "7900465"]
[WhiteElo "2403"]
[BlackElo "2050"]
[WhiteTeam "RUS"]
[BlackTeam "ALG"]
[WhiteClock "0:00:57"]
[BlackClock "0:00:18"]

1. e4 c6 2. d4 d5 3. Nc3 a6 4. h3 b5 5. Bd3 dxe4 6. Nxe4 Qxd4 7. Nf3 Qd8 8. a4 Bb7 9. Nc5 Qc7 10. O-O Nf6 11. Ng5 e6 12. Ngxe6 fxe6 13. Nxe6 Qd6 14. Re1 Kf7 15. Bf4 Qxe6 16. Rxe6 Kxe6 17. Qe2+ Kf7 18. Re1 Bc8 19. g4 Bd7 20. g5 Nd5 21. Qh5+ g6 22. Bxg6+ hxg6 23. Qxh8 Bg7 24. Qd8 Nxf4 25. Re7# 1-0

[Event "December 12 Early 2023"]
[Site "https://www.chess.com"]
[Date "2023.12.12"]
[Round "5"]
[White "Onoprijchuk, Boris"]
[Black "Sailer, Mike"]
[Result "1-0"]
[Board "180"]
[TimeControl "180+1"]
[WhiteFideId "4171179"]
[BlackFideId "2012901"]
[WhiteElo "2401"]
[BlackElo "2049"]
[WhiteTeam "RUS"]
[BlackTeam "USA"]
[WhiteClock "0:00:19"]
[BlackClock "0:00:05"]

1. e4 d5 2. exd5 Qxd5 3. Nc3 Qd6 4. d4 c6 5. Nf3 Bg4 6. Be3 Nf6 7. h3 Bh5 8. g4 Bg6 9. Ne5 Nbd7 10. Nxg6 hxg6 11. Bg2 e6 12. Qf3 Qc7 13. O-O Bd6 14. g5 Nd5 15. Ne4 Nxe3 16. fxe3 Bh2+ 17. Kh1 O-O 18. c4 Nb6 19. c5 Nd5 20. Nf2 Bg3 21. Ng4 Rae8 22. e4 Ne7 23. e5 Bh4 24. Qf4 Nf5 25. Ne3 Nxe3 26. Qxe3 Qe7 27. b4 Qxg5 28. Qe4 Qd8 29. a4 Be7 30. b5 Qd7 31. bxc6 bxc6 32. Rfd1 Rc8 33. Rab1 Rfd8 34. a5 Qd5 35. Qc2 Qd7 36. a6 Rc7 37. Rb4 f6 38. Qxg6 fxe5 39. Be4 Bf6 40. Rf1 exd4 41. Rxf6 d3 42. Qh7# 1-0

[Event "December 12 Early 2023"]
[Site "https://www.chess.com"]
[Date "2023.12.12"]
[Round "5"]
[White "Balla, Tamas-Kristof"]
[Black "Donatti, Alvaro"]
[Result "1-0"]
[Board "181"]
[TimeControl "180+1"]
[WhiteFideId "1208497"]
[BlackFideId "3000303"]
[WhiteElo "2395"]
[BlackElo "2020"]
[WhiteTeam "ROU"]
[BlackTeam "URU"]
[WhiteClock "0:02:22"]
[BlackClock "0:01:30"]

1. e4 c5 2. c3 e6 3. d4 d5 4. exd5 exd5 5. Nf3 Nc6 6. Bb5 Nf6 7. O-O Be7 8. dxc5 O-O 9. b4 a6 10. Bxc6 bxc6 11. Bg5 Qc7 12. Nbd2 Bg4 13. Qc2 Rfe8 14. Rfe1 Bh5 15. c4 Bg6 16. Qb3 Ne4 17. Bxe7 Rxe7 18. cxd5 Nxd2 19. Nxd2 cxd5 20. Qxd5 Rae8 21. Rxe7 Qxe7 22. h3 Qf6 23. Rd1 Rd8 24. Ne4 1-0

[Event "December 12 Early 2023"]
[Site "https://www.chess.com"]
[Date "2023.12.12"]
[Round "5"]
[White "Donchenko, Anatoly"]
[Black "Reinecke, Katharina"]
[Result "1-0"]
[Board "182"]
[TimeControl "180+1"]
[WhiteFideId "4106091"]
[BlackFideId "12929727"]
[WhiteElo "2375"]
[BlackElo "2019"]
[WhiteTeam "GER"]
[BlackTeam "GER"]
[WhiteClock "0:01:37"]
[BlackClock "0:00:12"]

1. Nf3 d5 2. d4 Nf6 3. c4 c6 4. Qc2 e6 5. Nbd2 Be7 6. g3 O-O 7. Bg2 b6 8. O-O Bb7 9. e4 dxe4 10. Nxe4 Nbd7 11. Bf4 Nxe4 12. Qxe4 Nf6 13. Qc2 c5 14. dxc5 Bxc5 15. Be5 Be7 16. Ng5 g6 17. Bxb7 Nd7 18. Bxa8 Nxe5 19. Nf3 Ng4 20. Be4 f5 21. Bd3 f4 22. Be4 fxg3 23. hxg3 Qc7 24. Kg2 h5 25. Bxg6 h4 26. Qe4 hxg3 27. Qxg4 gxf2 28. Be8+ Kh8 29. Rh1+ 1-0

[Event "December 12 Early 2023"]
[Site "https://www.chess.com"]
[Date "2023.12.12"]
[Round "5"]
[White "Gazineu Neto, Rubens"]
[Black "Topalov, Aleksandar"]
[Result "0-1"]
[Board "183"]
[TimeControl "180+1"]
[WhiteFideId "2174685"]
[BlackFideId "925659"]
[WhiteElo "1974"]
[BlackElo "2374"]
[WhiteTeam "BRA"]
[BlackTeam "SRB"]
[WhiteClock "0:00:00"]
[BlackClock "0:00:21"]

1. e4 e6 2. d4 d5 3. Nc3 Bb4 4. e5 Qd7 5. a3 Bxc3+ 6. bxc3 b6 7. Qg4 f5 8. Qg3 Qf7 9. f4 Ba6 10. Bd3 Bxd3 11. cxd3 Nc6 12. a4 Nge7 13. Ba3 h6 14. Nf3 O-O 15. O-O Rfc8 16. Rac1 Ng6 17. Rfd1 Na5 18. c4 c6 19. Rc3 Kh7 20. h3 Nb7 21. Qh2 Rd8 22. g3 Rd7 23. cxd5 Rxd5 24. Rxc6 Na5 25. Rc3 Qd7 26. Qc2 Rd8 27. Kg2 Qf7 28. h4 Nf8 29. Bxf8 Rxf8 30. Rc7 Rd7 31. Rc1 Rfd8 32. Kf2 Rxc7 33. Qxc7 Rd7 34. Qc3 Qe7 35. Ke3 Nb7 36. Qc6 Nd8 37. Qc8 Nf7 38. h5 Rd8 39. Qc7 Rd7 40. Qc8 Rb7 41. Nh4 Nh8 0-1

[Event "December 12 Early 2023"]
[Site "https://www.chess.com"]
[Date "2023.12.12"]
[Round "5"]
[White "Kolmagorov, Alexey"]
[Black "Santos, Isaque Goncalves"]
[Result "1-0"]
[Board "184"]
[TimeControl "180+1"]
[WhiteFideId "34129402"]
[BlackFideId "2103885"]
[WhiteElo "2370"]
[BlackElo "1841"]
[WhiteTeam "RUS"]
[BlackTeam "BRA"]
[WhiteClock "0:00:57"]
[BlackClock "0:00:00"]

1. d4 d5 2. c4 c6 3. Nf3 e6 4. Nbd2 f5 5. Qc2 Nf6 6. g3 Be7 7. Bg2 O-O 8. O-O Nbd7 9. Ne1 Kh8 10. Nd3 Ne4 11. Nf3 Bf6 12. b3 Nb6 13. Bb2 Bd7 14. Nfe5 Be8 15. Nf4 Qe7 16. f3 Ng5 17. h4 Bxe5 18. dxe5 Nf7 19. e4 g5 20. Nxe6 Qxe6 21. exf5 Qe7 22. e6+ Kg8 23. Qc3 Qc5+ 24. Kh1 d4 25. Qd2 Qxf5 26. exf7+ Bxf7 27. Qxd4 1-0

[Event "December 12 Early 2023"]
[Site "https://www.chess.com"]
[Date "2023.12.12"]
[Round "5"]
[White "Kotlyar, Kirill"]
[Black "Thake, Conrad"]
[Result "1-0"]
[Board "185"]
[TimeControl "180+1"]
[WhiteFideId "24145599"]
[BlackFideId "5602947"]
[WhiteElo "2556"]
[BlackElo "1965"]
[WhiteTeam "RUS"]
[BlackTeam "MLT"]
[WhiteClock "0:00:21"]
[BlackClock "0:00:06"]

1. e4 e6 2. Nf3 d5 3. Nc3 d4 4. Ne2 c5 5. c3 dxc3 6. bxc3 Nc6 7. g3 b6 8. Bg2 Bb7 9. O-O Be7 10. d4 cxd4 11. cxd4 Nf6 12. e5 Nd5 13. Be3 O-O 14. Nf4 Nxf4 15. Bxf4 Qc8 16. Rc1 Rd8 17. Qd3 Qd7 18. Rfd1 Rac8 19. Ng5 Bxg5 20. Bxg5 Re8 21. Be4 h6 22. Be3 Nb4 23. Qb1 Rxc1 24. Rxc1 Nd5 25. Qb3 Rc8 26. Rxc8+ Qxc8 27. Bxd5 Bxd5 28. Qb2 Qc6 29. a3 Bh1 30. f4 Be4 31. Qc1 Bh1 32. Qxc6 Bxc6 33. Kf2 Kf8 34. Ke2 Ke8 35. Kd3 Kd7 36. Kc4 Kc7 37. Bd2 Bb7 38. Bb4 Ba6+ 39. Kc3 Bb5 40. Bf8 g6 41. Bxh6 Kc6 42. g4 Kd5 43. h4 a5 44. Bf8 Ke4 45. h5 gxh5 46. gxh5 Kf5 47. Bd6 Bc6 48. Bc7 Kxf4 49. h6 Be4 50. a4 Kg5 51. Bxb6 Kxh6 52. Bxa5 Kg5 53. Kb4 f5 54. exf6 Kxf6 55. Bc7 Kf5 56. Kb5 Bd5 57. Kb6 Ke4 58. Be5 Ba8 59. a5 Kd5 60. a6 Bc6 61. Kc7 Ba8 62. Kb8 Bc6 63. a7 Kc4 64. a8=Q Bxa8 65. Kxa8 Kd5 66. Kb8 Kc6 67. Kc8 Kd5 68. Kd8 Kc6 69. Ke7 Kd5 70. Kf7 Ke4 71. Kxe6 1-0

[Event "December 12 Early 2023"]
[Site "https://www.chess.com"]
[Date "2023.12.12"]
[Round "5"]
[White "Turzo, Attila"]
[Black "Jakubowska, Anna"]
[Result "1-0"]
[Board "186"]
[TimeControl "180+1"]
[WhiteFideId "704954"]
[BlackFideId "1121952"]
[WhiteElo "2473"]
[BlackElo "2342"]
[WhiteTeam "HUN"]
[BlackTeam "POL"]
[WhiteClock "0:01:13"]
[BlackClock "0:00:19"]

1. d4 f5 2. Nf3 Nf6 3. Bf4 g6 4. h3 d6 5. e3 Bg7 6. c4 O-O 7. Nc3 c6 8. Be2 Nbd7 9. O-O Qe8 10. d5 Nb6 11. Qd2 Bd7 12. Nd4 cxd5 13. cxd5 Nfxd5 14. Nxd5 Nxd5 15. Bc4 e6 16. Bxd6 Nb6 17. Bxf8 Nxc4 18. Qe2 Qxf8 19. Qxc4 Rc8 20. Qb3 Bxd4 21. exd4 b6 22. Rac1 Rxc1 23. Rxc1 Qd6 24. Qc4 Kf7 25. Qc7 Qxd4 26. Qxa7 Kf6 27. Qa3 Qd5 28. Qb3 Qd6 29. Rd1 Qc7 30. Qc3+ Qxc3 31. bxc3 Ba4 32. Rb1 b5 33. Rb4 Ke5 34. c4 bxc4 35. Rxa4 Kd4 36. Kf1 Kd3 37. Ke1 1-0

[Event "December 12 Early 2023"]
[Site "https://www.chess.com"]
[Date "2023.12.12"]
[Round "5"]
[White "Aalto, Patrik"]
[Black "Rodriguez Santiago, Jaime"]
[Result "0-1"]
[Board "187"]
[TimeControl "180+1"]
[WhiteFideId "510726"]
[BlackFideId "3100898"]
[WhiteElo "2448"]
[BlackElo "2275"]
[WhiteTeam "FIN"]
[BlackTeam "PUR"]
[WhiteClock "0:00:40"]
[BlackClock "0:00:11"]

1. c3 Nf6 2. d4 d5 3. Nf3 c5 4. e3 Nc6 5. Bd3 Bg4 6. h3 Bh5 7. Nbd2 e6 8. O-O Bd6 9. dxc5 Bxc5 10. e4 O-O 11. Qe2 Ne5 12. Bc2 dxe4 13. Nxe4 Nxf3+ 14. gxf3 Nxe4 15. Qxe4 Bg6 16. Qe2 Qh4 17. Kg2 Rad8 18. f4 Bxc2 19. Qxc2 Rd5 20. Qe2 Rfd8 21. Be3 Bxe3 22. Qxe3 Rd3 23. Qe4 Qxh3+ 24. Kg1 Rf3 25. f5 exf5 26. Rad1 Rf8 27. Qb4 f4 28. Rfe1 h6 29. Qxf8+ Kh7 30. Re2 Qg4+ 31. Kf1 Rh3 32. Ke1 Rh1+ 33. Kd2 Qd7+ 0-1